 Dungeon Crawl Stone Soup version 0.23.0-3-gf3c87f2df8 (webtiles) character file.

Game seed: 15384296118429990262

427 xedar the Sneak (level 6, -8/33 HPs)
             Began as a Vine Stalker Enchanter on Feb 21, 2019.
             Was a Follower of Dithmenos.
             Mangled by Prince Ribbit (15 damage)
             ... on level 5 of the Dungeon.
             The game lasted 00:43:49 (3548 turns).

xedar the Sneak (Vine Stalker Enchanter)            Turns: 3548, Time: 00:43:50

Health: -8/33      AC:  3    Str: 10    XL:     6   Next: 97%
Magic:  0/12       EV: 13    Int: 16    God:    Dithmenos [*.....]
Gold:   170        SH:  0    Dex: 16    Spells: 11/12 levels left

rFire    . . .     SeeInvis +   a - +1 dagger
rCold    . . .     Gourm    .   (no shield)
rNeg     . . .     Faith    .   e - +0 robe
rPois    .         Spirit   +   h - +1 hat {SInv}
rElec    .         Reflect  .   (no cloak)
rCorr    .         Harm     .   (no gloves)
MR       .....                  (no boots)
Stlth    +++++.....             (no amulet)
HPRegen  0.51/turn              j - ring of stealth
MPRegen  0.13/turn              (no ring)

@: wreathed by umbra
A: fangs 2, talons 1, regeneration 1, robust 1, magic shield, antimagic bite, no
potion heal 3, rot immunity
a: Renounce Religion


You were on level 5 of the Dungeon.
You worshipped Dithmenos.
Dithmenos was aware of your devotion.
You were not hungry.

You visited 1 branch of the dungeon, and saw 5 of its levels.

You collected 170 gold pieces.

Inventory:

Hand Weapons
 a - a +1 dagger (weapon)
Armour
 e - a +0 robe (worn)
 h - a +1 hat of see invisible (worn)
Jewellery
 j - a ring of stealth (left hand)
 k - an uncursed ring of fire
Wands
 l - a wand of paralysis (9)
Scrolls
 b - a scroll of teleportation
 f - 2 scrolls of remove curse
 g - 2 scrolls of identify
 i - a scroll of fog
 n - a scroll of fear
Potions
 c - 2 potions of curing
 m - a potion of lignification
 o - a potion of berserk rage
 p - a potion of mutation
Comestibles
 d - 7 rations


   Skills:
 + Level 1.1 Fighting
 + Level 2.6 Short Blades
 + Level 2.4 Dodging
 + Level 5.6 Stealth
 + Level 3.6 Spellcasting
 + Level 4.4 Hexes


You had 11 spell levels left.
You knew the following spells:

 Your Spells              Type           Power        Failure   Level  Hunger
a - Corona                Hex            ###....      2%          1    None

Your spell library contained the following spells:

 Spells                   Type           Power        Failure   Level  Hunger
 Confuse                  Hex            ###.....     9%          3    ###....
 Tukima's Dance           Hex            ###.....     9%          3    ###....
 Ensorcelled Hibernation  Hex/Ice        ##....       11%         2    ##.....
 Dazzling Spray           Conj/Hex       ##....       22%         3    ###....


Dungeon Overview and Level Annotations

Branches:
Dungeon (5/15)
 Temple: D:4-7

Altars:
Ashenzari
Cheibriados
Dithmenos
Gozag
Makhleb
Uskayaw
The Shining One

Shops:
D:5 (

Annotations:
D:5 Prince Ribbit


Innate Abilities, Weirdness & Mutations

You have extremely sharp teeth.
Your natural rate of healing is unusually fast.
When hurt, damage is shared between your health and your magic reserves.
Your bite disrupts and absorbs the magic of your enemies.
Potions cannot restore your health.
You are immune to rotting.
You have sharp toenails.
You are robust. (+10% HP)


Message History

Prince Ribbit is outlined in light.
The adder barely misses you.
Prince Ribbit blinks!
Prince Ribbit hits you! The adder barely misses you.
Prince Ribbit lets out a mournful croak.
Prince Ribbit barely misses you.
You hit Prince Ribbit. Your bite misses Prince Ribbit.
Prince Ribbit is moderately wounded.
Prince Ribbit hits you!
* * * LOW HITPOINT WARNING * * *
The adder closely misses you.
You barely miss Prince Ribbit. Your bite misses Prince Ribbit.
Prince Ribbit is moderately wounded.
Prince Ribbit blinks!
The adder closely misses you.
Prince Ribbit stops glowing.
Prince Ribbit croaks regally.
The sky beast flickers out of sight for a moment.
A jackal comes into view.
Prince Ribbit completely misses you. The adder closely misses you.
Prince Ribbit hits you!
You die...

#..## ##..#
#### ##w##
#.... ##.##
.... ##Y##
...#
##.####.h##
##.S#....#
#ZF.# .?###
#.@.#
.....####..##
#....<.#
##.....#
##....##
##......#
##.>###....l
##..## ##...5
##..## ....#


You could see Prince Ribbit, a sky beast (invisible), a worm, an adder, a killer
bee zombie and a jackal (wandering).

Vanquished Creatures
  4 scorpions (D:4)
  2 hounds (D:4)
  Terence (D:3)
  8 adders
  A worm (D:3)
  2 dart slugs
  6 leopard geckos
  5 orcs
  A ball python (D:4)
  3 giant cockroaches
  5 goblins
  6 hobgoblins
  2 jackals (D:3)
  7 bats
  3 frilled lizards
  7 kobolds
  5 rats
68 creatures vanquished.

Notes
Turn   | Place    | Note
-------+----------+-------------------------------------------
     0 | D:1      | xedar the Vine Stalker Enchanter began the quest for the
                  | Orb.
     0 | D:1      | Reached XP level 1. HP: 9/9 MP: 4/4
   180 | D:1      | Reached XP level 2. HP: 13/13 MP: 6/6
   183 | D:1      | Gained mutation: You have sharp toenails. [potion of
                  | mutation]
   183 | D:1      | Gained mutation: You are robust. (+10% HP) [potion of
                  | mutation]
   763 | D:2      | Reached skill level 4 in Stealth
   835 | D:2      | Reached skill level 1 in Short Blades
   835 | D:2      | Reached XP level 3. HP: 17/17 MP: 7/7
  1163 | D:2      | Found a shadowy altar of Dithmenos.
  1213 | D:2      | Became a worshipper of Dithmenos the Shadowed
  1354 | D:2      | Gained mutation: Your natural rate of healing is unusually
                  | fast. [Vine Stalker growth]
  1354 | D:2      | Reached XP level 4. HP: 11/23 MP: 4/8
  2091 | D:3      | Noticed Terence
  2129 | D:3      | Killed Terence
  2129 | D:3      | Reached skill level 5 in Stealth
  2473 | D:3      | Reached XP level 5. HP: 27/27 MP: 8/10
  2587 | D:3      | Found an opulent altar of Gozag.
  2688 | D:4      | Noticed an orc warrior
  2880 | D:4      | Reached * piety under Dithmenos
  3036 | D:4      | Reached XP level 6. HP: 31/31 MP: 11/11
  3037 | D:4      | Reached skill level 1 in Fighting
  3123 | D:4      | Found a burning altar of Makhleb.
  3125 | D:4      | Found a shattered altar of Ashenzari.
  3125 | D:4      | Found a snail-covered altar of Cheibriados.
  3127 | D:4      | Found a glowing golden altar of the Shining One.
  3128 | D:4      | Found a hide-covered altar of Uskayaw.
  3379 | D:4      | Noticed a phantom
  3477 | D:5      | Entered Level 5 of the Dungeon
  3515 | D:5      | Found Vekusap's Antique Weapon Shop.
  3515 | D:5      | Noticed Prince Ribbit
  3518 | D:5      | Noticed a sky beast
  3548 | D:5      | Mangled by Prince Ribbit

Skill      XL: |  1  2  3  4  5  6 |
---------------+-------------------+-----
Stealth        | 4 5 |  5.6
Short Blades   | 1 2 |  2.6
Dodging        | 2 |  2.4
Spellcasting   | 3 |  3.6
Hexes          | 4 |  4.4
Fighting       | 1 |  1.1

Action                   |  1- 3 |  4- 6 || total
-------------------------+-------+-------++-------
Melee: Dagger            |    65 |   138 ||   203
       Bite              |    13 |    22 ||    35
       Kick              |    13 |    32 ||    45
 Cast: Corona            |    10 |    31 ||    41
  Use: Scroll            |     6 |     6 ||    12
       Potion            |     4 |     5 ||     9
 Stab: Sleeping          |     7 |    12 ||    19
  Eat: Ration            |     1 |     2 ||     3
Armor: Robe              |    13 |    19 ||    32
Dodge: Dodged            |    41 |   134 ||   175
